 Dungeon Crawl Stone Soup version 0.22.1-2-g9c5b331383 (webtiles) character file.

22778 Peloso the Blocker (level 12, -5/106 HPs)
             Began as a Minotaur Fighter on Dec 15, 2018.
             Was the Champion of Okawaru.
             Engulfed by a cloud of flame (11 damage)
             ... in a volcano.
             The game lasted 00:39:39 (14910 turns).

Peloso the Blocker (Minotaur Fighter)              Turns: 14910, Time: 00:39:39

Health: -5/106     AC: 17    Str: 23    XL:     12   Next: 66%
Magic:  12/12      EV: 10    Int:  5    God:    Okawaru [******]
Gold:   454        SH:  7    Dex: 13    Spells: 11/11 levels left

rFire    . . .     SeeInvis .   a - +2 falchion (elec)
rCold    + . .     Gourm    +   c - +0 buckler "Kofuh" {rC+}
rNeg     . . .     Faith    .   z - +0 plate armour
rPois    .         Spirit   .   (helmet restricted)
rElec    .         Reflect  .   (no cloak)
rCorr    +         Harm     .   (no gloves)
MR       .....                  n - +0 pair of boots
Stlth    ..........             O - amulet of the gourmand
HPRegen  0.27/turn              (no ring)
MPRegen  0.13/turn              D - ring of resist corrosion

@: no status effects
A: retaliatory headbutt, horns 2
a: Heroism, Finesse, Renounce Religion


You were in a volcano.
You worshipped Okawaru.
Okawaru was exalted by your worship.
You were near starving.

You visited 3 branches of the dungeon, and saw 14 of its levels.
You also visited: Volcano.

You collected 867 gold pieces.
You spent 413 gold pieces at shops.

Inventory:

Hand Weapons
 a - a +2 falchion of electrocution (weapon)
 b - a +3 falchion of holy wrath
 x - a +1 hand axe of flaming
Armour
 c - the +0 buckler "Kofuh" (worn) {rC+}
   (Okawaru gifted it to you in a volcano)

   It protects you from cold.
 n - a +0 pair of boots (worn)
 z - a +0 plate armour (worn)
 N - a +1 shield
Jewellery
 j - an uncursed ring of see invisible
 k - an uncursed amulet of magic regeneration
 q - an uncursed amulet of rage
 D - a ring of resist corrosion (right hand)
 O - an amulet of the gourmand (around neck)
Wands
 h - a wand of enslavement (32)
 t - a wand of random effects (58)
 H - a wand of flame (23)
 I - a wand of disintegration (22)
Scrolls
 d - 2 scrolls of blinking {unknown}
 i - 5 scrolls of remove curse
 l - 2 scrolls of identify
 r - 4 scrolls of enchant armour
 v - a scroll of teleportation
 w - 5 scrolls of magic mapping
 y - 3 scrolls of amnesia
 A - a scroll of fog {unknown}
 E - a scroll of enchant weapon {unknown}
 J - a scroll of holy word {unknown}
 K - a scroll of silence {unknown}
Potions
 e - 2 potions of ambrosia
 g - 3 potions of curing
 m - a potion of flight
 o - 4 potions of heal wounds
 p - 2 potions of haste
 s - a potion of resistance
 u - a potion of cancellation
 B - 3 potions of magic {unknown}
 C - 2 potions of brilliance {unknown}
 F - a potion of mutation {unknown}
 L - a potion of agility
Miscellaneous
 G - a phial of floods
 M - a phial of floods
Comestibles
 f - 34 rations


   Skills:
 + Level 10.3 Fighting
 + Level 13.1 Long Blades
 + Level 1.2 Axes
 + Level 12.2 Armour
 + Level 5.3 Dodging
 + Level 0.7 Stealth
 + Level 14.1 Shields
 + Level 1.5 Invocations


You had 11 spell levels left.
You didn't know any spells.
Your spell library contained the following spells:

 Spells                   Type           Power        Failure   Level  Hunger
 Beastly Appendage        Tmut           #.....       99%         1    ##.....
 Magic Dart               Conj           #...         99%         1    ##.....
 Blink                    Tloc           N/A          100%        2    ###....
 Call Imp                 Summ           #.......     100%        2    ###....
 Slow                     Hex            #.......     100%        2    ###....
 Sticks to Snakes         Tmut           #.......     100%        2    ###....
 Conjure Flame            Conj/Fire      #.......     100%        3    ####...
 Mephitic Cloud           Conj/Pois/Air  #.......     100%        3    ####...
 Spider Form              Tmut/Pois      #.........   100%        3    ####...
 Ice Form                 Ice/Tmut       #.......     100%        4    #####..
 Blade Hands              Tmut           #.........   100%        5    ######.


Dungeon Overview and Level Annotations

Branches:
Dungeon (10/15)            Temple (1/1) D:5            Lair (3/6) D:10
 Shoals (0/4) Lair:2       Spider (0/4) Lair:3          Orc (0/2) D:9

Altars:
Ashenzari
Cheibriados
Dithmenos
Elyvilon
Fedhas
Gozag
Hepliaklqana
Kikubaaqudgha
Nemelex Xobeh
Okawaru
Qazlal
Ru
Sif Muna
Trog
Uskayaw
Vehumet
Wu Jian
Xom
Yredelemnul
Zin
The Shining One

Shops:
D:4 *   D:7 }*=((   D:10 (

Annotations:
D:10 3 runed doors, exclusion: obsidian statue, Gabide's ghost, journeyman DsGl


Innate Abilities, Weirdness & Mutations

You reflexively headbutt those who attack you in melee.
You have a pair of horns on your head.


Message History

Lightning courses through the fire crab!
You headbutt the fire crab!
The fire crab is almost dead.
You are engulfed in blazing flames.
The fire crab closely misses you.
The fire crab claws you but does no damage.
The steam dragon is engulfed in blazing flames.
You hit the fire crab but do no damage.
The fire crab is almost dead.
You are engulfed in blazing flames.
* * * LOW HITPOINT WARNING * * *
You block the fire crab's attack. The fire crab claws you!
* * * LOW HITPOINT WARNING * * *
You are engulfed in flames!
* * * LOW HITPOINT WARNING * * *
You hit the fire crab but do no damage.
Lightning courses through the fire crab!
You kill the fire crab!
Okawaru accepts your kill.
You are engulfed in blazing flames.
You die...

..###.. ..∩.. ..§ #t#
#### #§# #..## ##§##
##...## #8.8###.....###
#..§##§§§≈....#
##..§§@§§≈≈....#
#....D§§§≈≈§...##
##...§≈§≈≈≈≈≈≈...##
#....§§§≈§≈≈≈≈≈≈..####
##..§≈≈§≈§≈≈§§§§≈.§...###
#...≈§≈≈≈≈§≈≈§§≈≈.......#
##.≈≈§≈≈§≈§§≈§§§§§§......
#.≈§≈§§§≈§≈§≈≈≈≈§§§§....
#..≈≈≈≈≈≈§§≈§§≈§§§§≈≈..#


You could see a steam dragon.

Vanquished Creatures
  Josephine (D:10)
  A hydra (Lair:2)
  A two-headed ogre (D:10)
  2 unseen horrors (D:10)
  A fire crab (Volcano)
  Pikel (D:5)
  2 oklob plants (Lair:1)
  A cyclops (D:10)
  A spiny frog (Lair:1)
  4 komodo dragons
  A queen bee (D:9)
  A polar bear (Lair:1)
  Prince Ribbit (D:7)
  Grinder (D:5)
  2 jumping spiders (Lair:3)
  5 hippogriffs
  Sigmund (D:3)
  8 yaks
  2 wyverns
  4 wraiths (D:10)
  3 redbacks (Lair:3)
  A basilisk (Lair:1)
  6 fire bats (Volcano)
  2 hungry ghosts
  2 steam dragons (Volcano)
  Grum (D:9)
  3 water moccasins
  3 porcupines
  3 hell hounds
  Duvessa (D:5)
  8 orc warriors
  2 black bears
  A hornet zombie (D:9)
  5 ice beasts
  A slave (D:6)
  A phantom (D:5)
  10 ogres
  3 wolves (D:8)
  7 centaurs
  3 crocodiles
  A big kobold (D:9)
  13 bullfrogs
  Dowan (D:5)
  A wyvern skeleton (D:8)
  7 scorpions
  36 killer bees
  4 wights (D:9)
  3 howler monkeys
  A centaur zombie (D:6)
  4 lava snakes (Volcano)
  9 crimson imps
  A bullfrog zombie (D:6)
  4 hounds
  2 centaur skeletons (D:8)
  8 orc priests
  2 jellies
  2 bullfrog skeletons
  18 orc wizards
  Ijyb (D:3)
  Natasha (thrice) (D:3)
  5 iguanas
  8 worker ants
  A hound zombie (D:5)
  A worker ant zombie (D:7)
  8 gnolls
  5 adders
  An ooze (D:3)
  3 adder zombies
  2 worms
  5 leopard geckos
  42 orcs
  A ball python (D:3)
  7 bats
  3 giant cockroaches
  9 hobgoblins
  9 jackals
  9 kobolds
  2 frilled lizards
  5 goblins
  A quokka skeleton (D:5)
  A quokka zombie (D:8)
  4 rats
  A spectral orc (D:4)
  A plant (Lair:1)
362 creatures vanquished.

Vanquished Creatures (others)
  A shadow imp (D:6)
1 creature vanquished.

Grand Total: 363 creatures vanquished

Notes
Turn   | Place    | Note
-------+----------+-------------------------------------------
     0 | D:1      | Peloso the Minotaur Fighter began the quest for the Orb.
     0 | D:1      | Reached XP level 1. HP: 19/19 MP: 0/0
   316 | D:1      | Reached XP level 2. HP: 27/27 MP: 1/1
   927 | D:2      | Reached skill level 4 in Shields
  1001 | D:2      | Reached XP level 3. HP: 31/33 MP: 2/2
  1442 | D:2      | Noticed an ice beast
  1452 | D:2      | Killed an ice beast
  1452 | D:2      | Reached XP level 4. HP: 31/40 MP: 3/3
  1625 | D:3      | Reached XP level 5. HP: 46/46 MP: 4/4
  1626 | D:3      | Noticed Natasha
  1642 | D:3      | Killed Natasha
  1648 | D:3      | Noticed Natasha
  1807 | D:3      | Killed Natasha
  1834 | D:3      | Noticed Sigmund
  1853 | D:2      | Reached skill level 1 in Dodging
  1930 | D:2      | Reached skill level 5 in Armour
  2137 | D:3      | Noticed Natasha
  2151 | D:3      | Killed Natasha
  2151 | D:3      | Reached XP level 6. HP: 41/53 MP: 5/5
  2208 | D:3      | Killed Sigmund
  2208 | D:3      | Reached skill level 5 in Long Blades
  2208 | D:3      | Reached skill level 5 in Shields
  2417 | D:3      | Noticed Ijyb
  2436 | D:3      | Killed Ijyb
  2589 | D:4      | Reached XP level 7. HP: 60/60 MP: 6/6
  2593 | D:4      | Found Zuhar's Assorted Antiques.
  2644 | D:4      | Found a white marble altar of Elyvilon.
  2955 | D:4      | Found a basalt altar of Yredelemnul.
  3208 | D:4      | Found an opulent altar of Gozag.
  3285 | D:5      | Entered Level 5 of the Dungeon
  3423 | D:5      | Noticed a hungry ghost
  3599 | D:4      | Reached skill level 5 in Fighting
  3718 | D:5      | Killed a hungry ghost
  3718 | D:5      | Reached XP level 8. HP: 67/68 MP: 7/7
  3944 | D:5      | Found a staircase to the Ecumenical Temple.
  3953 | Temple   | Entered the Ecumenical Temple
  3995 | Temple   | Became a worshipper of Warmaster Okawaru
  4444 | D:5      | Noticed Grinder
  4445 | D:5      | Noticed Duvessa
  4445 | D:5      | Noticed Dowan
  4458 | D:5      | Killed Duvessa
  4458 | D:5      | Reached skill level 6 in Shields
  4464 | D:5      | Killed Grinder
  4473 | D:5      | Killed Dowan
  4493 | D:5      | Reached * piety under Okawaru
  5483 | D:5      | Reached XP level 9. HP: 33/75 MP: 8/8
  5934 | D:6      | Reached skill level 7 in Shields
  5970 | D:6      | Noticed Pikel
  6002 | D:5      | Killed Pikel
  6002 | D:5      | Reached ** piety under Okawaru
  6518 | D:6      | Found an opulent altar of Gozag.
  6769 | D:7      | Found Gatotato's Jewellery Boutique.
  6778 | D:7      | Reached skill level 8 in Shields
  6831 | D:7      | Found a shattered altar of Ashenzari.
  6838 | D:7      | Found a stormy altar of Qazlal.
  6907 | D:7      | Found Geuch's Antique Weapon Boutique.
  6917 | D:7      | Bought a runed falchion for 162 gold pieces
  6938 | D:7      | Found Jicw's General Store.
  6962 | D:7      | Bought a scroll of magic mapping for 49 gold pieces
  6962 | D:7      | Bought a scroll of amnesia for 49 gold pieces
  6963 | D:7      | Bought a scroll of enchant armour for 105 gold pieces
  7071 | D:7      | Found Wirewiq's Gadget Emporium.
  7098 | D:7      | Found Offiwod's Antique Weapon Shop.
  7112 | D:7      | Noticed Prince Ribbit
  7119 | D:7      | Killed Prince Ribbit
  7298 | D:7      | Reached skill level 9 in Shields
  7667 | D:4      | Bought a scroll of identify for 48 gold pieces
  7832 | D:8      | Reached XP level 10. HP: 85/86 MP: 9/9
  7995 | D:8      | Reached skill level 10 in Long Blades
  8003 | D:8      | Reached *** piety under Okawaru
  8432 | D:8      | Reached skill level 10 in Shields
  9102 | D:9      | Noticed Grum
  9112 | D:8      | Reached **** piety under Okawaru
  9136 | D:9      | Killed Grum
  9196 | D:9      | Reached skill level 10 in Armour
  9249 | D:9      | Found a snail-covered altar of Cheibriados.
  9529 | D:9      | Reached ***** piety under Okawaru
  9529 | D:9      | Reached skill level 11 in Shields
  9583 | D:9      | Reached XP level 11. HP: 29/94 MP: 8/10
 10133 | D:9      | Reached skill level 1 in Invocations
 10219 | D:9      | Found a staircase to the Orcish Mines.
 10433 | D:10     | Entered Level 10 of the Dungeon
 10753 | D:10     | Reached skill level 12 in Shields
 10904 | D:10     | Found Hothrecw's Weapon Shop.
 10911 | D:10     | Noticed an unseen horror
 11094 | D:10     | Killed an unseen horror
 11175 | D:10     | Found a runed gate.
 11177 | D:10     | Found a runed gate.
 11177 | D:10     | Found an opulent altar of Gozag.
 11177 | D:10     | Found a runed gate.
 11178 | D:10     | Noticed an obsidian statue
 11205 | D:10     | Noticed Gabide's ghost (journeyman DsGl)
 11205 | D:10     | Noticed a harpy
 11236 | D:10     | Noticed a two-headed ogre
 11243 | D:10     | Killed a two-headed ogre
 11257 | D:10     | Noticed an unseen horror
 11668 | D:10     | Found a staircase to the Lair.
 11954 | D:10     | Reached skill level 5 in Dodging
 11995 | D:10     | Noticed Josephine
 12005 | D:10     | Killed Josephine
 12460 | D:10     | Killed an unseen horror
 12460 | D:10     | Reached ****** piety under Okawaru
 12469 | Lair:1   | Entered Level 1 of the Lair of Beasts
 12604 | Lair:1   | Reached skill level 13 in Shields
 12639 | Lair:1   | Reached XP level 12. HP: 74/104 MP: 11/11
 12958 | Lair:1   | Received a gift from Okawaru
 13266 | Lair:2   | Noticed a four-headed hydra
 13273 | Lair:2   | Killed a one-headed hydra
 13504 | Lair:2   | Found a staircase to the Shoals.
 14219 | Lair:3   | Reached skill level 1 in Axes
 14232 | Lair:3   | Found a hole to the Spider Nest.
 14248 | Lair:3   | Reached skill level 10 in Fighting
 14271 | Lair:3   | Found a dark tunnel.
 14289 | Volcano  | Entered a volcano
 14646 | Volcano  | Reached skill level 14 in Shields
 14753 | Volcano  | Received a gift from Okawaru
 14762 | Volcano  | Got a jewelled buckler {god gift}
 14768 | Volcano  | Identified the +0 buckler "Kofuh" {rC+} (Okawaru gifted it
                  | to you in a volcano)
 14910 | Volcano  | Engulfed by a cloud of flame

Skill      XL: |  1  2  3  4  5  6  7  8  9 10 11 12 |
---------------+-------------------------------------+-----
Armour         | 4 5 6 7 8 10 11 12 | 12.2
Shields        | 4 5 6 9 11 13 14 | 14.1
Long Blades    | 3 4 5 6 8 9 11 12 13 | 13.1
Fighting       | 4 5 7 8 9 10 | 10.3
Dodging        | 1 2 3 4 5 |  5.3
Invocations    | 1 |  1.5
Axes           | 1 |  1.2
Stealth        | |  0.7

Action                   |  1- 3 |  4- 6 |  7- 9 | 10-12 || total
-------------------------+-------+-------+-------+-------++-------
Melee: Long sword        |    78 |    97 |   336 |       ||   511
       Headbutt          |    13 |    15 |    90 |   189 ||   307
       Falchion          |       |       |    25 |   837 ||   862
       Hand axe          |       |       |       |     4 ||     4
Invok: Heroism           |       |       |     1 |     7 ||     8
Evoke: Wand              |       |       |     3 |       ||     3
  Use: Scroll            |       |     8 |     4 |     6 ||    18
       Potion            |       |       |     1 |     4 ||     5
  Eat: Ration            |       |     1 |     3 |     2 ||     6
       Chunk             |       |     2 |    11 |    21 ||    34
Armor: Scale mail        |    41 |    57 |    90 |       ||   188
       Plate armour      |       |       |    19 |   341 ||   360
Dodge: Dodged            |    25 |    41 |   102 |   226 ||   394
Block: Shield            |    42 |    67 |   213 |   518 ||   840
       Buckler           |       |       |       |    10 ||    10
       Rpst.: Long sword |     7 |    12 |    15 |       ||    34
       Falchion          |       |       |     1 |    70 ||    71
